Map: Eastwatch LE

Players

DaNa

  • Race: Zerg Zerg
  • Spawn Location: 7:00

BlueCheese - Winner!

  • Race: Terran Terran
  • Spawn Location: 1:00

Event: IEM Season 12 - Katowice

VOD

Have the link to the VOD?

Description

Time

  • Played on: Feb. 27, 2018, 10:14 a.m.
  • Length: 14:02

All games in this series

Show
View Real Time Build Order
Export as new Build Order

DaNa Zerg 

Build Orders: Hatch First, Roach Nydus 

Get SALT Encoding   

  12  0:00  Drone  
  13  0:13  Overlord  
  13  0:16  Drone  
  14  0:31  Drone x2  
  14  0:35  Drone  
  17  0:53  Hatchery  
  17  0:54  Drone  
  18  0:57  Drone  
  18  1:08  Extractor  
  17  1:12  Spawning Pool  
  17  1:15  Drone  
  17  1:19  Drone  
  18  1:29  Drone  
  19  1:39  Drone  
  20  1:51  Overlord  
  20  1:59  Queen  
  22  2:04  Queen  
  22  2:05  Zergling x4  
  22  2:07  Metabolic Boost  
  26  2:12  Drone  
  27  2:16  Drone  
  28  2:23  Drone  
  28  2:26  Drone  
  30  2:34  Drone  
  31  2:37  Drone  
  31  2:46  Hatchery  
  31  2:48  Overlord  
  31  2:50  Drone  
  31  2:55  Zergling x2  
  32  2:58  Drone  
  32  3:01  Queen  
  35  3:06  Drone  
  35  3:09  Drone  
  37  3:14  Drone x3  
  37  3:17  Overlord  
  37  3:18  Drone  
  41  3:20  Drone  
  41  3:23  Drone  
  43  3:30  Lair  
  43  3:36  Extractor  
  43  3:37  Roach Warren  
  43  3:39  Drone  
  43  3:40  Extractor  
  43  3:41  Drone  
  42  3:42  Drone  
  42  3:44  Drone  
  42  3:45  Drone  
  45  3:50  Drone, Evolution Chamber  
  45  3:53  Drone  
  45  3:54  Drone  
  47  3:59  Zergling x6  
  50  4:05  Queen  
  52  4:18  Roach  
  52  4:19  Roach x2  
  58  4:28  Overlord  
  58  4:32  Nydus Network, Overseer  
  58  4:36  Overlord x3  
  57  4:50  Overlord  
  57  4:53  Queen x2  
  57  4:57  Roach x3  
  57  4:59  Roach  
  69  5:03  Roach  
  69  5:06  Roach  
  73  5:17  Nydus Canal  
  73  5:21  Roach x4  
  79  5:23  Overlord  
  79  5:27  Overlord  
  80  5:38  Roach  
  80  5:40  Roach, Zergling x4  
  80  5:42  Roach x2  
  82  5:44  Zergling x4  
  76  5:55  Drone x3  
  69  6:02  Drone  
  66  6:05  Drone  
  66  6:07  Drone  
  62  6:15  Drone  
  62  6:16  Queen x2  
  62  6:17  Queen  
  67  6:18  Overseer  
  68  6:25  Drone x3  
  68  6:26  Drone x2  
  68  6:28  Drone x2  
  68  6:29  Drone x2  
  68  6:30  Drone  
  75  6:35  Drone  
  75  6:36  Drone x2  
  75  6:38  Drone  
  75  6:44  Spore Crawler  
  75  6:45  Drone  
  74  6:47  Drone  
  74  6:49  Drone  
  76  6:55  Evolution Chamber, Drone  
  76  6:57  Drone x2  
  76  6:58  Drone x2, Zerg Missile Weapons Level 1  
  76  6:59  Drone  
  76  7:01  Extractor  
  80  7:02  Extractor  
  80  7:03  Drone x2, Extractor  
  80  7:05  Drone  
  80  7:07  Drone  
  82  7:11  Drone x2  
  84  7:17  Drone  
  85  7:26  Spore Crawler  
  85  7:28  Spore Crawler, Queen  
  87  7:31  Spore Crawler, Queen  
  82  7:43  Drone  
  80  7:44  Drone x11  
  80  7:49  Drone  
  86  7:53  Drone  
  86  7:54  Drone  
  86  7:58  Zerg Ground Armor Level 1  
  86  8:00  Glial Reconstitution  
  86  8:07  Hydralisk Den  
  86  8:09  Roach  
  86  8:11  Hatchery  
  86  8:13  Roach x6  
  98  8:21  Overlord x2  
  98  8:22  Overlord  
  98  8:43  Ravager x4  
  98  8:44  Roach, Ravager x3  
  98  8:45  Roach x7  
  120  8:49  Overlord  
  120  8:51  Overlord  
  120  8:52  Overlord  
  120  9:01  Queen  
  122  9:09  Queen  
  124  9:10  Roach x4  
  128  9:17  Hydralisk x2  
  128  9:18  Hydralisk x3  
  128  9:19  Infestation Pit  
  137  9:25  Zerg Missile Weapons Level 2  
  128  9:34  Roach x4  
  128  9:35  Roach x3  
  138  9:39  Hatchery  
  134  9:51  Overlord x3  
  135  10:00  Hatchery  
  135  10:01  Overlord x2  
  135  10:03  Zerg Ground Armor Level 2  
  134  10:11  Roach x5  
  134  10:12  Roach  
  134  10:13  Overlord  
  134  10:14  Overlord  
  146  10:20  Overlord  
  146  10:21  Roach x2  
  150  10:30  Roach  
  150  10:31  Roach x5  
  162  10:41  Roach  
  162  10:42  Roach x5  
  174  10:58  Overlord  
  174  11:04  Hive  
  174  11:06  Drone x4  
  174  11:07  Hatchery  
  174  11:08  Overlord x4  
  177  11:18  Overlord x2  
  177  11:20  Ravager x7  
  177  11:21  Ravager  
  185  11:26  Roach  
  185  11:27  Roach x3  
  185  11:28  Roach x2  
  185  11:32  Overlord  
  197  11:34  Pneumatized Carapace  
  197  11:37  Roach  
  171  12:08  Hydralisk  
  171  12:09  Hydralisk x8  
  171  12:14  Hatchery  
  188  12:24  Overlord x2  
  188  12:31  Roach x5  
  188  12:44  Ravager  
  188  12:45  Ravager x4  
  188  12:46  Roach x3  
  192  12:55  Spire  
  192  12:56  Drone x2  
  192  12:57  Drone  
  194  12:58  Drone  
  194  12:59  Overlord  
  168  13:19  Roach  
  178  13:20  Roach x10  
  174  13:35  Roach x8  
  161  13:42  Roach x3  
Show
View Real Time Build Order
Export as new Build Order

BlueCheese Terran - Winner!

Build Orders: Reaper Expand, Hellion Banshee, MMM Bio 

Get SALT Encoding   

  12  0:01  SCV  
  13  0:13  SCV  
  14  0:18  Supply Depot  
  14  0:25  SCV  
  15  0:39  SCV  
  15  0:41  Barracks  
  16  0:44  Refinery  
  16  0:51  SCV  
  17  1:03  SCV  
  18  1:15  SCV  
  19  1:28  Reaper, Orbital Command  
  20  1:41  Command Center  
  20  1:49  Supply Depot  
  20  1:53  SCV  
  21  1:59  Marine  
  22  2:05  SCV  
  23  2:13  Factory, Refinery  
  23  2:17  SCV  
  23  2:21  Barracks Reactor  
  24  2:29  SCV  
  25  2:43  SCV  
  26  2:54  Orbital Command  
  26  2:55  SCV  
  27  2:59  Starport  
  27  3:04  Hellion x2  
  31  3:06  Barracks Tech Lab  
  31  3:08  SCV  
  32  3:19  SCV  
  33  3:20  SCV  
  33  3:25  Hellion  
  33  3:26  Hellion  
  38  3:32  Supply Depot  
  38  3:37  SCV x2  
  39  3:42  Viking  
  39  3:47  Hellion x2  
  45  3:48  Cloaking Field  
  45  3:53  SCV  
  45  3:54  SCV  
  47  3:57  Supply Depot  
  47  4:08  SCV x2, Command Center  
  49  4:14  Banshee  
  52  4:25  SCV x2  
  52  4:29  Factory Reactor  
  52  4:30  Barracks  
  52  4:31  Barracks  
  54  4:32  Supply Depot  
  54  4:37  SCV x2  
  56  4:48  Factory Tech Lab  
  56  4:49  SCV x2  
  56  4:52  Marine x2  
  58  4:56  Barracks  
  58  4:57  Barracks  
  60  5:01  SCV x2  
  60  5:03  Banshee  
  65  5:12  Marine  
  65  5:13  Siege Tank  
  69  5:19  Bunker  
  69  5:20  Marine x2  
  71  5:22  SCV x2  
  71  5:24  Orbital Command  
  73  5:38  Marine x3  
  73  5:40  SCV x2  
  47  5:55  Banshee, Barracks Tech Lab x2  
  47  5:56  Marine x2  
  49  5:59  SCV  
  46  6:12  SCV x3  
  49  6:22  Marine x2  
  49  6:23  Stimpack  
  49  6:24  SCV  
  52  6:27  SCV x2  
  52  6:29  Marine x2  
  52  6:30  Marine  
  57  6:36  SCV  
  57  6:39  SCV  
  57  6:45  Marine  
  57  6:46  Marine  
  55  6:47  Marine  
  55  6:52  Engineering Bay  
  55  6:53  SCV, Engineering Bay  
  57  6:55  SCV  
  57  6:56  Starport Reactor  
  57  6:59  SCV  
  57  7:00  Marine x2  
  61  7:03  Marine x2  
  61  7:05  SCV  
  61  7:07  SCV, Refinery  
  61  7:08  Refinery  
  66  7:10  Barracks Reactor  
  66  7:11  SCV  
  66  7:12  Combat Shields  
  66  7:17  SCV, Marine  
  66  7:18  Marine, Barracks  
  66  7:19  SCV  
  70  7:23  SCV  
  70  7:29  SCV, Marine x2  
  74  7:40  Marine x2  
  74  7:41  SCV  
  74  7:42  SCV  
  78  7:47  Marine x3  
  78  7:48  Marine, Medivac x2  
  80  7:55  SCV  
  80  7:56  SCV  
  80  7:57  Orbital Command, Marine  
  80  7:58  Marine  
  81  8:04  Marine  
  81  8:05  Marine x3  
  82  8:10  Supply Depot  
  82  8:12  Terran Infantry Armor Level 1  
  85  8:13  Supply Depot  
  85  8:15  Supply Depot  
  85  8:17  Terran Infantry Weapons Level 1  
  85  8:25  SCV x3, Marine x3, Medivac  
  93  8:32  Marine x3  
  93  8:34  Marine  
  97  8:35  Supply Depot  
  97  8:37  SCV x3  
  97  8:41  Supply Depot, Armory  
  100  8:43  Marine x2  
  100  8:47  Supply Depot  
  103  8:49  SCV x3  
  103  8:50  Marine x2  
  103  8:52  Barracks Reactor, Marine x2  
  109  8:58  Supply Depot  
  109  8:59  Supply Depot  
  109  9:01  SCV x3, Marine x2  
  114  9:07  Marine  
  114  9:08  Marine  
  116  9:13  SCV  
  111  9:17  Medivac  
  111  9:18  Medivac  
  111  9:19  SCV x2, Marauder  
  119  9:25  SCV  
  119  9:26  Marauder  
  118  9:32  Marine x2  
  118  9:33  Marine x4  
  118  9:36  Siege Tank  
  126  9:40  Marine  
  127  9:47  Marine, Medivac  
  127  9:48  SCV x3, Medivac  
  127  9:50  Marine x3  
  127  9:51  Marine  
  127  9:52  Marine x2  
  140  9:58  Marauder  
  140  10:00  SCV  
  140  10:05  Marine  
  142  10:08  Marine x4  
  142  10:09  Refinery  
  142  10:10  Marine x2, Refinery  
  142  10:11  Command Center  
  142  10:12  Supply Depot  
  142  10:13  Siege Tank  
  151  10:17  Medivac x2  
  151  10:19  Marine  
  151  10:21  Terran Infantry Armor Level 2  
  156  10:23  Supply Depot  
  156  10:24  Supply Depot  
  156  10:35  Marine x2  
  157  10:37  Marine x2  
  157  10:38  Marine x4  
  162  10:47  Barracks x2  
  162  10:48  Barracks  
  159  10:52  Marine  
  159  10:53  Marine  
  159  10:54  Marine x2  
  159  10:56  Marine  
  159  10:57  SCV x3, Marauder  
  166  11:00  Marine x2  
  171  11:09  SCV x2  
  171  11:10  Marine x2  
  175  11:12  Marine  
  175  11:13  Marine  
  175  11:14  Siege Tank  
  175  11:15  SCV  
  181  11:23  SCV x2, Marauder x2, Terran Infantry Weapons Level 2  
  181  11:24  Terran Vehicle Weapons Level 1  
  187  11:27  SCV, Planetary Fortress  
  188  11:33  Marine x4  
  188  11:34  Medivac  
  188  11:35  SCV  
  195  11:45  Marauder  
  194  11:47  Marine x2  
  194  11:48  Barracks Tech Lab  
  194  11:49  Barracks Tech Lab  
  194  11:53  Marine  
  181  12:02  Marine x2, Marauder  
  181  12:06  Marine, Marauder  
  181  12:07  Marauder  
  188  12:10  Marine x3  
  188  12:11  Marauder  
  188  12:16  Barracks Tech Lab  
  188  12:19  Marine  
  188  12:20  Marine  
  185  12:24  Marine, Marauder  
  185  12:27  Marauder  
  185  12:28  Siege Tank, Medivac x2, Marauder  
  194  12:30  Supply Depot  
  194  12:32  Marauder  
  194  12:43  Marine x2, Marauder  
  194  12:44  Marine x2  
  197  12:45  Marauder  
  197  12:50  Refinery  
  200  12:52  Refinery  
  200  13:03  Marine x3  
  200  13:04  Marauder  
  200  13:07  Siege Tank  
  197  13:15  Marine  
  197  13:16  Marauder  
  187  13:40  Marine x2  
  187  13:41  Marauder  

Tags
 
Add a new tag
Caveats
  • Supply blocks, unpowered buildings, or Contaminate may cause inaccurate times.
  • Supply counts are checked every 10 seconds.